Map: Last Remnant

Players

Rybocynclast

  • Race: Protoss Protoss
  • Spawn Location: 6:00

Cryo

  • Race: Protoss Protoss
  • League: Gold
  • Spawn Location: 9:00

MasterChief

  • Race: Terran Terran
  • Spawn Location: 6:00

Ironman

  • Race: Terran Terran
  • Spawn Location: 7:00

Holapes

  • Race: Zerg Zerg
  • Spawn Location: 3:00

itsmejamison

  • Race: Terran Terran
  • League: Silver
  • Spawn Location: 12:00

JRBaraldi

  • Race: Protoss Protoss
  • Spawn Location: 1:00

Smileblind

  • Race: Protoss Protoss
  • League: Silver
  • Spawn Location: 12:00

VOD

Have the link to the VOD?

Description

Time

  • Played on: Jan. 16, 2019, 8:07 p.m.
  • Length: 9:33
Show
View Real Time Build Order
Export as new Build Order

Rybocynclast Protoss 

Build Orders:  

Get SALT Encoding   

  12  0:04  Probe  
  13  0:16  Probe  
  14  0:29  Probe  
  15  0:45  Pylon  
  15  0:51  Pylon  
  15  1:03  Probe  
  16  1:14  Nexus  
  16  1:21  Probe  
  17  1:33  Probe  
  17  1:39  Pylon  
  18  1:40  Pylon  
  18  1:45  Probe  
  19  2:04  Pylon  
  19  2:05  Pylon  
  19  2:08  Pylon  
  19  2:09  Pylon  
  19  2:22  Probe  
  20  2:28  Gateway  
  20  2:29  Forge  
  20  3:06  Zealot  
  20  3:07  Pylon  
  22  3:21  Photon Cannon  
  22  3:24  Photon Cannon x2  
  22  3:25  Photon Cannon  
  17  3:59  Probe  
  18  4:04  Probe  
  18  4:08  Probe  
  19  4:16  Probe x2  
  21  4:18  Assimilator  
  21  4:23  Assimilator  
  22  4:25  Probe  
  22  4:28  Probe  
  22  4:30  Nexus  
  24  4:38  Probe  
  25  4:40  Probe  
  26  4:47  Photon Cannon  
  26  4:50  Probe  
  26  4:51  Photon Cannon  
  27  5:01  Probe  
  27  5:02  Probe  
  29  5:07  Assimilator  
  29  5:12  Cybernetics Core  
  29  5:16  Probe  
  30  5:28  Probe  
  31  5:34  Pylon  
  31  5:35  Probe  
  32  5:39  Assimilator  
  32  5:40  Probe  
  33  5:45  Probe  
  33  5:46  Probe  
  33  5:49  Probe  
  35  5:52  Assimilator  
  35  5:53  Probe  
  35  5:54  Probe  
  36  5:57  Assimilator  
  36  6:02  Photon Cannon  
  38  6:11  Stargate  
  38  6:16  Stargate, Probe x3  
  41  6:27  Stargate  
  41  6:28  Probe x2  
  41  6:29  Probe  
  44  6:33  Pylon  
  44  6:36  Probe x2  
  44  6:37  Probe  
  44  6:46  Probe  
  48  7:03  Probe x3  
  50  7:13  Phoenix x3  
  50  7:15  Probe x2  
  57  7:20  Fleet Beacon  
  57  7:22  Stargate  
  58  7:26  Stargate  
  58  7:35  Probe x3  
  61  7:38  Phoenix  
  61  7:39  Phoenix  
  61  7:40  Phoenix  
  67  7:47  Probe x3  
  70  7:59  Probe  
  70  8:02  Anion Pulse-Crystals  
  71  8:09  Robotics Facility  
  71  8:11  Stargate  
  71  8:25  Stargate, Cybernetics Core  
  71  8:32  Pylon  
  71  8:36  Pylon  
  71  8:49  Phoenix  
  71  8:50  Phoenix  
  71  8:51  Phoenix x3  
  81  8:57  Phoenix  
Show
View Real Time Build Order
Export as new Build Order

Cryo Protoss 

Build Orders:  

Get SALT Encoding   

  12  0:03  Probe  
  13  0:18  Pylon  
  13  0:21  Probe  
  14  0:41  Gateway  
  14  0:44  Assimilator  
  14  0:45  Probe  
  16  0:57  Probe  
  16  1:15  Pylon  
  16  1:17  Probe  
  16  1:25  Probe  
  18  1:34  Probe  
  18  1:35  Cybernetics Core  
  19  1:46  Probe  
  20  1:58  Probe  
  21  2:06  Forge  
  21  2:20  Shield Battery  
  21  2:22  Stalker  
  23  2:26  Robotics Facility  
  23  2:29  Assimilator  
  23  2:51  Probe  
  24  3:03  Probe  
  25  3:12  Nexus  
  25  3:16  Pylon  
  25  3:18  Immortal  
  29  3:26  Stargate  
  29  3:36  Probe  
  29  3:39  Assimilator  
  30  3:48  Probe  
  31  4:19  Zealot  
  31  4:22  Void Ray  
  37  4:27  Stargate  
  37  4:34  Probe x2  
  39  4:46  Probe  
  39  4:47  Probe  
  39  4:52  Protoss Air Weapons Level 1  
  41  4:58  Probe  
  41  4:59  Probe  
  43  5:08  Void Ray  
  43  5:09  Probe  
  43  5:10  Probe  
  49  5:17  Probe  
  49  5:18  Probe  
  49  5:25  Assimilator, Probe  
  49  5:27  Probe  
  53  5:37  Probe  
  54  5:52  Pylon  
  54  5:55  Pylon  
  54  6:03  Probe x2  
  54  6:10  Void Ray  
  58  6:15  Probe  
  59  6:20  Void Ray  
  63  6:28  Pylon  
  63  6:31  Fleet Beacon  
  63  6:36  Probe x2  
  65  6:44  Pylon  
  65  6:46  Pylon  
  65  6:48  Probe  
  66  7:23  Void Ray x2  
  74  8:05  Photon Cannon  
  74  8:09  Photon Cannon, Void Ray  
  74  8:10  Void Ray  
  74  8:12  Photon Cannon  
  90  9:11  Nexus  
Show
View Real Time Build Order
Export as new Build Order

MasterChief Terran 

Build Orders:  

Get SALT Encoding   

  12  1:08  SCV  
  13  1:15  Supply Depot  
  13  1:20  SCV  
  13  1:22  Command Center  
  14  1:35  Command Center  
  14  2:00  Barracks  
  14  2:32  Refinery  
  14  2:42  Refinery  
  14  2:52  SCV, Engineering Bay  
  14  2:56  SCV  
  16  3:10  Marine  
  17  3:27  Marine  
  18  3:35  SCV  
  18  3:37  SCV  
  20  3:45  Marine  
  20  3:47  SCV  
  22  3:50  SCV  
  23  3:59  SCV  
  23  4:00  Factory  
  23  4:02  SCV  
  25  4:11  SCV  
  25  4:12  Orbital Command  
  27  4:26  Orbital Command  
  26  4:35  SCV  
  27  4:44  Refinery  
  27  4:48  SCV, Refinery  
  28  4:53  Refinery  
  28  5:00  SCV  
  28  5:01  Refinery  
  28  5:03  SCV  
  28  5:04  SCV  
  31  5:12  SCV  
  32  5:15  SCV  
  32  5:16  SCV  
  34  5:24  SCV  
  34  5:27  Factory Tech Lab  
  34  5:28  SCV  
  36  5:32  Bunker  
  36  5:40  SCV  
  36  5:42  Starport  
  38  5:43  SCV, Starport  
  38  5:48  Orbital Command  
  38  5:52  SCV  
  38  5:55  SCV  
  40  6:04  SCV  
  40  6:07  SCV  
  42  6:17  SCV  
  43  6:19  SCV  
  44  6:27  Starport  
  44  6:29  SCV  
  44  6:30  Fusion Core  
  44  6:32  Starport Tech Lab  
  45  6:36  Starport Tech Lab  
  45  6:49  Supply Depot x2  
  45  6:55  Corvid Reactor  
  45  7:05  Missile Turret  
  45  7:10  Raven x2, SCV x3  
  45  7:13  Supply Depot  
  45  7:15  Supply Depot  
  52  7:16  Missile Turret  
  52  7:22  SCV x3  
  55  7:26  Starport, Starport Tech Lab  
  55  7:34  SCV  
  56  7:38  Supply Depot  
  56  7:46  SCV, Neosteel Armor  
  57  7:55  Raven  
  59  7:59  SCV  
  60  8:11  Missile Turret  
  60  8:48  Starport Tech Lab  
  60  8:53  Armory  
  78  9:08  Supply Depot  
  78  9:10  Supply Depot  
  78  9:15  SCV  
  79  9:31  Supply Depot  
Show
View Real Time Build Order
Export as new Build Order

Ironman Terran 

Build Orders:  

Get SALT Encoding   

  12  0:02  SCV  
  13  0:18  Supply Depot  
  13  0:19  SCV  
  14  0:34  SCV  
  15  0:46  SCV  
  15  0:47  Refinery  
  16  0:58  SCV  
  16  1:01  Barracks  
  17  1:10  SCV  
  18  1:12  Barracks  
  18  1:22  SCV  
  19  1:29  Barracks  
  19  1:38  SCV  
  20  1:50  SCV  
  21  1:58  Engineering Bay  
  21  2:03  SCV  
  22  2:19  Supply Depot, Marine  
  23  2:30  Supply Depot, Orbital Command  
  23  2:40  Marine x2  
  25  2:51  Bunker  
  25  2:54  Marine  
  26  2:58  Marine x2  
  26  3:01  Supply Depot  
  28  3:26  Marine x3  
  31  3:44  Marine x3  
  31  3:45  Command Center  
  34  4:13  Barracks Tech Lab, Barracks Reactor x2  
  34  4:21  Factory  
  34  4:24  Terran Infantry Weapons Level 1  
  29  5:51  Marine x2  
  29  5:52  Marine x3  
  32  6:09  Marine x4  
  32  6:10  Marauder  
  33  6:20  Hellion  
  33  6:24  Stimpack  
  35  6:27  Marine x4  
  35  6:30  SCV  
  35  6:31  Marauder  
  42  6:40  Factory  
  42  6:41  Hellion  
  42  6:42  SCV  
  42  6:45  Marine  
  46  6:47  Refinery  
  46  6:53  Marauder  
  48  6:54  SCV  
  49  7:06  SCV  
  50  7:10  Missile Turret  
  50  7:14  Marine x4  
  54  7:19  Terran Infantry Armor Level 1  
  54  7:25  Armory  
  54  7:41  Supply Depot  
  54  8:02  Marine x3  
  54  8:03  SCV, Hellion x2  
  54  8:04  Supply Depot  
  54  8:05  Missile Turret  
  62  8:14  Supply Depot  
  62  8:21  Supply Depot  
  62  8:25  Marine x5  
  62  8:26  SCV  
  63  8:38  SCV  
  60  8:43  Marine x5  
  62  9:01  Marine x2  
  64  9:12  Marine  
  64  9:13  Marine x2  
Show
View Real Time Build Order
Export as new Build Order

Holapes Zerg 

Build Orders: Pool First 

Get SALT Encoding   

  12  0:12  Extractor, Drone x2  
  13  0:17  Drone  
  14  0:34  Overlord  
  14  0:53  Drone x2  
  14  0:56  Drone  
  17  1:01  Extractor  
  16  1:17  Drone  
  17  1:19  Drone  
  18  1:28  Drone  
  19  1:34  Spawning Pool  
  19  1:39  Drone  
  19  1:51  Drone  
  20  2:01  Drone  
  21  2:11  Drone  
  22  2:21  Overlord  
  22  2:23  Lair  
  22  2:46  Hatchery  
  22  2:47  Drone  
  22  2:52  Drone  
  22  2:56  Drone  
  24  3:06  Drone  
  25  3:22  Infestation Pit  
  25  3:23  Drone  
  25  3:38  Drone x2  
  27  3:58  Drone  
  27  4:01  Drone x2  
  30  4:04  Hive  
  30  4:09  Spire x2  
  28  4:29  Drone x4  
  32  4:31  Drone x2  
  31  5:21  Mutalisk x2  
  31  5:22  Mutalisk  
  36  5:29  Overlord  
  36  5:30  Overlord  
  36  5:37  Pneumatized Carapace  
  36  5:54  Mutalisk  
  34  6:45  Drone  
  35  6:48  Drone x2  
  35  6:49  Drone x3  
  35  6:52  Zerg Flyer Weapons Level 1  
Show
View Real Time Build Order
Export as new Build Order

itsmejamison Terran 

Build Orders:  

Get SALT Encoding   

  12  0:02  SCV  
  13  0:15  Refinery  
  13  0:20  Refinery  
  13  0:47  SCV  
  14  1:19  Command Center  
  14  1:29  Supply Depot  
  14  1:51  SCV  
  15  2:03  SCV  
  16  2:10  Barracks  
  16  2:18  Barracks  
  16  2:22  SCV  
  17  2:45  SCV  
  18  2:53  Supply Depot  
  18  2:58  SCV  
  19  3:07  Barracks Tech Lab  
  19  3:10  SCV  
  20  3:21  Factory  
  20  3:38  Ghost Academy  
  20  3:40  SCV  
  21  3:47  SCV  
  22  3:52  SCV  
  23  4:04  SCV  
  24  4:11  Personal Cloaking  
  24  4:16  Ghost Academy  
  24  4:17  Ghost Academy  
  24  4:18  SCV  
  24  4:22  SCV  
  26  4:27  Ghost  
  26  4:30  SCV  
  29  4:43  SCV  
  30  4:55  SCV, Ghost  
  30  4:56  Concussive Shells  
  33  5:07  SCV  
  33  5:12  Nuke  
  33  5:13  Nuke  
  32  5:24  Ghost  
  32  5:28  Refinery  
  34  5:29  Orbital Command  
  34  5:30  Refinery  
  34  5:37  Nuke  
  34  5:52  Ghost  
  34  6:21  Ghost  
  34  6:22  SCV  
  37  6:34  SCV  
  38  6:46  SCV  
  39  6:49  Ghost  
  41  6:58  SCV  
  40  7:02  Nuke x2  
  40  7:05  Ghost Academy  
  38  7:11  SCV  
  38  7:12  Barracks  
  39  7:18  Ghost  
  41  8:30  Nuke x4  
  39  8:45  Ghost  
  37  8:48  Barracks Tech Lab  
Show
View Real Time Build Order
Export as new Build Order

JRBaraldi Protoss 

Build Orders: Cannon Rush 

Get SALT Encoding   

  1  0:00  Probe  
  13  0:07  Probe  
  14  0:17  Probe  
  15  0:29  Pylon  
  15  0:47  Probe  
  16  0:54  Forge  
  16  0:59  Probe  
  17  1:07  Probe  
  17  1:17  Pylon  
  18  1:38  Photon Cannon  
  18  1:39  Photon Cannon  
  18  1:41  Photon Cannon  
  18  1:46  Pylon  
  18  2:13  Pylon  
  18  2:17  Assimilator  
  18  2:43  Pylon  
  18  2:52  Pylon  
  18  3:12  Photon Cannon  
  17  3:14  Photon Cannon  
  17  3:16  Photon Cannon  
  17  3:22  Pylon  
  16  4:08  Probe  
  16  4:17  Probe  
  17  4:19  Assimilator  
  17  4:22  Assimilator  
  18  4:26  Probe  
  19  4:38  Probe  
  20  4:50  Probe  
Show
View Real Time Build Order
Export as new Build Order

Smileblind Protoss 

Build Orders:  

Get SALT Encoding   

  12  0:02  Probe  
  13  0:14  Probe  
  14  0:23  Probe  
  14  0:25  Pylon  
  15  0:40  Probe  
  15  0:45  Forge  
  16  0:53  Gateway  
  16  0:54  Probe  
  17  1:01  Assimilator  
  17  1:10  Probe  
  17  1:11  Pylon  
  18  1:22  Probe  
  19  1:28  Photon Cannon  
  19  1:39  Photon Cannon  
  19  1:48  Zealot  
  21  2:07  Nexus  
  21  2:17  Pylon  
  21  2:23  Pylon  
  21  2:27  Zealot  
  23  2:33  Assimilator  
  23  2:47  Photon Cannon  
  23  2:56  Photon Cannon  
  23  3:01  Probe  
  24  3:13  Probe  
  24  3:19  Probe  
  25  3:20  Cybernetics Core  
  25  3:25  Probe  
  27  3:27  Probe  
  28  3:37  Gateway  
  28  3:50  Gateway  
  28  3:52  Probe  
  29  3:57  Probe  
  30  4:09  Probe  
  36  4:10  Stalker  
  33  4:20  Probe, Warp Gate  
  34  4:25  Pylon  
  34  4:32  Probe  
  34  4:33  Assimilator  
  35  4:39  Stalker x3, Assimilator  
  35  4:44  Probe  
  42  4:56  Probe  
  39  5:08  Probe  
  39  5:09  Stalker  
  40  5:20  Probe  
  41  5:33  Stalker  
  37  5:40  Stalker x2  
  41  5:58  Probe  
  44  6:06  Probe  
  49  6:16  Probe  
  48  6:28  Probe  
  48  6:30  Protoss Ground Weapons Level 1  
  45  6:37  Stalker x3  
  51  6:40  Gateway, Probe  
  52  6:54  Nexus  
  52  6:59  Gateway  
  52  7:01  Gateway  
  52  7:23  Pylon  
  52  7:26  Pylon  
  52  7:28  Stalker  
  52  7:29  Stalker x2  
  58  7:32  Pylon  
  58  7:34  Pylon  
  58  8:07  Stalker x4  
  58  8:08  Stalker x2  
  58  8:11  Probe  
  71  8:23  Probe  
  64  8:35  Probe  
  55  8:47  Probe  
  42  8:49  Stalker  
  42  8:50  Stalker x5  
  54  8:55  Probe  
  55  9:03  Probe  
  55  9:04  Gateway  
  55  9:06  Gateway  
  55  9:09  Gateway  
  44  9:14  Probe  
  44  9:15  Stalker x5  
  44  9:16  Stalker  
Tags
 
Add a new tag
Caveats
  • Supply blocks, unpowered buildings, or Contaminate may cause inaccurate times.
  • Supply counts are checked every 10 seconds.